 Dungeon Crawl Stone Soup version 0.18.1-5-g4a78601 (webtiles) character file.

239 epen the Cudgeler (level 6, -7/37 HPs)
             Began as a Gargoyle Gladiator on May 13, 2016.
             Was an Initiate of Makhleb.
             Mangled by an ogre
             ... wielding a +0 giant club
              (11 damage)
             ... on level 4 of the Dungeon.
             The game lasted 00:04:07 (3151 turns).

epen the Cudgeler (Gargoyle Gladiator)              Turns: 3151, Time: 00:04:07

Health: -7/37      AC: 12    Str: 21    XL:     6   Next: 7%
Magic:  6/6        EV: 12    Int:  8    God:    Makhleb [......]
Gold:   136        SH:  0    Dex: 10    Spells: 0 memorised, 5 levels left

rFire  . . .     SeeInvis .     v - +1 mace (crush)
rCold  . . .     Gourm    .     w - +0 ring mail
rNeg   + . .     Faith    .     (no shield)
rPois  ∞         Spirit   .     c - +0 helmet
rElec  +         Dismiss  .     l - +0 cloak
rCorr  .         Reflect  .     (no gloves)
SustAt .         Harm     .     (no boots)
MR     .....                    (no amulet)
Stlth  ..........               (no ring)
                                (no ring)

@: not resistant to hostile enchantments, extremely unstealthy
A: negative energy resistance 1, electricity resistance, unbreathing,
petrification resistance, rot immunity, AC +4
a: Renounce Religion


You were on level 4 of the Dungeon.
You worshipped Makhleb.
Makhleb was noncommittal.
You were very hungry.

You visited 1 branch of the dungeon, and saw 4 of its levels.

You collected 136 gold pieces.

Inventory:

Hand Weapons
 a - a +0 flail
 v - a +1 mace of crushing (weapon)
Missiles
 d - 3 throwing nets (quivered)
Armour
 b - a +0 leather armour
 c - a +0 helmet (worn)
 l - a +0 cloak (worn)
 w - a +0 ring mail (worn)
Wands
 x - a wand of teleportation (4/9)
Scrolls
 h - a scroll of magic mapping {unknown}
 i - 3 scrolls of remove curse {unknown}
 k - 6 scrolls of identify {unknown}
 o - 2 scrolls of enchant weapon {unknown}
 r - 2 scrolls of random uselessness {unknown}
 s - 3 scrolls of enchant armour {unknown}
 t - a scroll of fear {unknown}
Potions
 e - a potion of cure mutation {unknown}
 j - 2 potions of might {unknown}
 m - 3 potions of curing {unknown}
 p - 2 potions of brilliance {unknown}
 q - 2 potions of lignification {unknown}
 u - a potion of haste {unknown}
Comestibles
 f - 3 bread rations
 g - 3 meat rations
 n - 2 beef jerkies
 z - a royal jelly


   Skills:
 + Level 3.4 Fighting
 * Level 4.2 Maces & Flails
 - Level 1.7 Throwing
 + Level 2.7 Armour
 * Level 3.6 Dodging


You had 5 spell levels left.
You didn't know any spells.

Dungeon Overview and Level Annotations

Branches:
Dungeon (4/15)
 Temple: D:4-7

Altars:
Ashenzari
Elyvilon
Kikubaaqudgha
Makhleb
Trog


Innate Abilities, Weirdness & Mutations

You are resistant to torment.
Your stone body is resilient (AC +4).
You are immune to poison.
You resist negative energy.
You are resistant to electric shocks.
You can survive without breathing.
You are immune to petrification.
You are immune to rotting.


Message History

The ogre hits you with a giant club.
You hit the ogre.
The ogre is severely wounded.
You are feeling very hungry.
You hit the ogre.
The ogre is almost dead.
The ogre hits you with a giant club!
You barely miss the ogre.
The ogre is almost dead.
The ogre closely misses you.
You hit the ogre.
The ogre is almost dead.
The ogre hits you with a giant club!!
Ouch! That really hurt!
* * * LOW HITPOINT WARNING * * *
You are too injured to fight recklessly!
You barely miss the ogre.
The ogre is almost dead.
The ogre hits you with a giant club!
You die...

..####..........#
..# ...)......#
..# .......#..##
### .....#...#
.... #...# ###
##..# #..## ##..#
#@.## ##O.# #..#
#...# ##..# #..#
##.. ... .>.#


You could see an ogre.

Vanquished Creatures
  A centaur zombie (D:3)
  An orc wizard (D:3)
  A worker ant zombie (D:3)
  4 gnolls
  5 adders
  3 worms
  A giant gecko (D:1)
  7 orcs (D:3)
  6 bats
  3 giant cockroaches
  10 goblins
  7 hobgoblins
  5 jackals
  A quokka (D:2)
  A ball python (D:3)
  3 giant newts
  6 kobolds
  A quokka skeleton (D:4)
  7 rats
73 creatures vanquished.

Notes
Turn   | Place    | Note
--------------------------------------------------------------
     0 | D:1      | epen the Gargoyle Gladiator began the quest for the Orb.
     0 | D:1      | Reached XP level 1. HP: 12/12 MP: 1/1
   158 | D:1      | Reached XP level 2. HP: 15/18 MP: 2/2
   734 | D:1      | Reached skill level 1 in Armour
   783 | D:2      | Reached XP level 3. HP: 15/22 MP: 3/3
  1244 | D:2      | Reached XP level 4. HP: 21/27 MP: 4/4
  2062 | D:3      | Reached XP level 5. HP: 30/32 MP: 5/5
  2145 | D:3      | Found a white marble altar of Elyvilon.
  2652 | D:3      | Reached skill level 4 in Maces & Flails
  2675 | D:3      | Reached XP level 6. HP: 20/37 MP: 6/6
  2837 | D:3      | Found a shattered altar of Ashenzari.
  2843 | D:3      | Found a burning altar of Makhleb.
  2843 | D:3      | Found an ancient bone altar of Kikubaaqudgha.
  2847 | D:3      | Found a bloodstained altar of Trog.
  2851 | D:3      | Became a worshipper of Makhleb the Destroyer
  3151 | D:4      | Mangled by an ogre

Skill      XL: |  1  2  3  4  5 |
---------------+----------------+-----
Armour         | 1 2 |  2.7
Fighting       | 3 |  3.4
Dodging        | 3 |  3.6
Maces & Flails | 4 |  4.2
Throwing       | |  1.7

Action                   |  1- 3 |  4- 6 || total
-------------------------+-------+-------++-------
Melee: Flail             |   104 |    53 ||   157
       Mace              |       |   110 ||   110
  Eat: Chunk             |     1 |     4 ||     5
       Pizza             |       |     1 ||     1
Armor: Leather armour    |    57 |    23 ||    80
       Ring mail         |       |    41 ||    41
Dodge: Dodged            |    94 |    87 ||   181
